 Dungeon Crawl Stone Soup version 0.30-a0-134-gb40fab5c76 (webtiles) character file.

Game seed: 5039271766096802987

18661 ragingrage the Marksfrog (level 12, -1/89 HPs)
             Began as a Barachi Hunter on Sept 20, 2022.
             Was a Believer of Hepliaklqana.
             Slain by a six-headed hydra (11 damage)
             ... on level 3 of the Lair of Beasts.
             The game lasted 00:27:58 (15314 turns).

ragingrage the Marksfrog (Barachi Hunter)          Turns: 15314, Time: 00:27:59

Health: -1/89      AC: 11    Str: 19    XL:     12   Next: 60%
Magic:  14/14      EV: 15    Int: 11    God:    Hepliaklqana [**....]
Gold:   627        SH:  0    Dex: 19    Spells: 11/11 levels left

rFire   + . .      SeeInvis .    a - +0 shortbow (freeze)
rCold   . . .      Faith    .    (shield currently unavailable)
rNeg    . . .      Spirit   .    f - +2 leather armour {rPois}
rPois   +          Reflect  .    x - +0 hat
rElec   .          Harm     .    v - +2 cloak
rCorr   .          Rampage  .    o - +1 Delatra's gloves {ID++}
Will    .....                    (no boots)
Stlth   ++........               K - amulet of regeneration
HPRegen 1.04/turn                i - +6 ring of strength
MPRegen 0.14/turn                z - ring of protection from fire

@: unable to hop, slow
A: reduced essence, amphibious, slowness 1, strong legs 1, +LOS
a: Hop, Renounce Religion, Recall Ancestor, Ancestor Identity


You were on level 3 of the Lair of Beasts.
You worshipped Hepliaklqana.
Hepliaklqana was pleased with you.
You visited 3 branches of the dungeon, and saw 14 of its levels.
You also visited: Volcano.

You collected 987 gold pieces.
You spent 360 gold pieces at shops.

Inventory:

Hand Weapons
 a - a +0 shortbow of freezing (weapon)
 O - a +1 demon blade of flaming
Missiles
 j - 6 curare-tipped darts
 G - 48 poisoned darts
Armour
 f - a +2 leather armour of poison resistance (worn)
 o - the +1 Delatra's gloves (worn) {ID++}
   (You found it on level 5 of the Dungeon)

   It heals its wearer when they drink unknown potions.
   It restores its wearer's MP when they read unknown scrolls.
 s - a +1 robe of positive energy
 v - a +2 cloak (worn)
 x - a +0 hat (worn)
 I - a +2 robe of cold resistance
 Q - a +2 ring mail of fire resistance
Jewellery
 i - a +6 ring of strength (left hand)
 k - an amulet of guardian spirit
 z - a ring of protection from fire (right hand)
 K - an amulet of regeneration (around neck)
Wands
 m - a wand of light (2)
 D - a wand of flame (24)
 L - a wand of polymorph (3)
Scrolls
 b - 6 scrolls of immolation
 c - 2 scrolls of enchant weapon
 e - 2 scrolls of butterflies
 g - 5 scrolls of noise
 l - 6 scrolls of amnesia
 n - 9 scrolls of teleportation
 p - a scroll of fear {unknown}
 q - 5 scrolls of brand weapon
 t - 2 scrolls of identify
 y - a scroll of blinking
 C - a scroll of enchant armour
 J - 3 scrolls of silence
Potions
 d - a potion of might
 h - 2 potions of ambrosia {unknown}
 r - a potion of degeneration
 u - 2 potions of heal wounds
 w - 6 potions of curing {unknown}
 A - 4 potions of haste
 B - a potion of lignification
 E - 4 potions of invisibility
 F - a potion of berserk rage
 H - 2 potions of brilliance {unknown}
 M - a potion of mutation {unknown}
 N - 2 potions of magic {unknown}


   Skills:
 + Level 10.9 Fighting
 - Level 16.0 Ranged Weapons
 + Level 6.8 Armour
 + Level 6.5 Dodging
 - Level 0.8 Stealth
 + Level 3.3 Invocations
 + Level 4.0 Evocations


You had 11 spell levels left.
You didn't know any spells.
Your spell library contained the following spells:

 Spells                   Type           Power      Damage    Failure   Level
 Sandblast                Erth           0%         2d4       38%         1
 Passwall                 Tmut/Erth      0%         N/A       52%         2
 Gell's Gravitas          Tloc           0%         N/A       77%         3
 Ignite Poison            Fire/Tmut/Pois 0%         N/A       77%         3
 Mephitic Cloud           Conj/Pois/Air  0%         N/A       77%         3
 Stone Arrow              Conj/Erth      0%         3d7       77%         3
 Teleport Other           Tloc           0%         N/A       77%         3
 Animate Armour           Summ/Erth      0%         N/A       99%         4
 Sticky Flame             Conj/Fire      0%         2d3       99%         4
 Freezing Cloud           Conj/Ice/Air   0%         6-21      100%        5
 Dispersal                Tloc           0%         N/A       100%        6
 Lehudib's Crystal Spear  Conj/Erth      0%         10d2      100%        8


Dungeon Overview and Level Annotations

Branches:
Dungeon (10/15)            Temple (1/1) D:4            Lair (3/5) D:8
  Swamp (0/4) Lair:3       Spider (0/4) Lair:2          Orc (0/2) D:9
Volcano (visited)

Altars:
Ashenzari
Cheibriados
Dithmenos
Elyvilon
Fedhas
Gozag
Hepliaklqana
Kikubaaqudgha
Makhleb
Nemelex Xobeh
Okawaru
Qazlal
Ru
Sif Muna
Trog
Uskayaw
Vehumet
Wu Jian
Xom
Yredelemnul
Zin
The Shining One

Shops:
D:1 =   D:3 [   D:9 *

Annotations:
D:10 Joseph


Innate Abilities, Weirdness & Mutations

Your life essence is reduced to manifest your ancestor. (-10% HP)
You are amphibious.
You cover ground slowly.
You can hop short distances.
You have an extended range of vision and can be seen from far away.


Message History

A swamp worm is nearby!
A swamp worm is nearby!
A swamp worm is nearby!
You shoot an arrow. The arrow hits the swamp worm!
The arrow freezes the swamp worm.
The swamp worm is heavily wounded.
You shoot an arrow. The arrow hits the swamp worm!
The arrow freezes the swamp worm.
The swamp worm is almost dead.
You hear a roar!
The swamp worm fires a harpoon shot at you.
The harpoon shot hits you!
You are yanked forward by the harpoon shot.
Floosh!
A cane toad, a seven-headed hydra, a six-headed hydra and a komodo dragon come into view.
The six-headed hydra barely misses you.
The six-headed hydra closely misses you. x2
The six-headed hydra bites you! The six-headed hydra bites you.
The six-headed hydra misses you.
Found a staircase to the Swamp.
You are too injured to fight recklessly!
You are too injured to fight recklessly!
You are too injured to fight recklessly!
Unknown command.
Hop to where?
Press: ? - help, Dir - move target, p - swamp worm Floosh!
Boing!
The swamp worm fires a harpoon shot at you.
The harpoon shot hits you!
You are yanked forward by the harpoon shot.
Floosh!
The cane toad stings you! The six-headed hydra bites you! x2
* * * LOW HITPOINT WARNING * * *
The six-headed hydra bites you.
* * * LOW HITPOINT WARNING * * *
The six-headed hydra bites you!
* * * LOW HITPOINT WARNING * * *
The six-headed hydra bites you!
You die...

♣♣ ♣♣♣§§ ♣♣ ♣♣.§§
..♣♣ ..... .
♣§§§♣♣..§♣.. ..#.##
♣♣~§≈w≈..♣♣... #.##.#
♣~§§@FD≈§§♣♣..##.....
♣..≈~Dl.§§♣...#....#.
♣.R♣♣♣§§§♣♣♣.......##
♣♣§§♣ ♣~~~♣♣.......#P
♣§§♣♣♣♣~~>♣.......#.
♣§§..§♣♣♣♣♣...P.....
♣♣♣♣...♣♣.....#..PP#
♣♣≈≈~≈...♣♣...#..#...
♣≈~≈~~~~♣♣......<....


You could see the friendly Demonsreach the knight, a seven-headed hydra, a
six-headed hydra, a komodo dragon, a cane toad and a swamp worm (ally target).

Vanquished Creatures
  A dancing weapon (Volcano)
  3 two-headed ogres
  2 wizards (Volcano)
  Pikel (D:3)
  2 toenail golems (Volcano)
  A gargoyle (D:10)
  4 cane toads
  A polar bear (Lair:3)
  A jumping spider (Lair:2)
  Sigmund (D:6)
  A shadow (D:9)
  A wyvern (D:9)
  Eustachio (D:5)
  10 yaks
  A basilisk (Lair:1)
  2 vampire mosquitoes (D:10)
  A swamp worm (Lair:3)
  Menkaure (D:7)
  8 water moccasins
  An acid dragon (D:10)
  An ice beast (D:7)
  2 orc warriors (D:9)
  2 black bears
  An ogre (D:5)
  3 wolves (Lair:1)
  A centaur (D:10)
  A lemure (D:4)
  3 kobold brigands
  A necrophage (D:6)
  5 bullfrogs
  A gnoll sergeant (D:10)
  4 scorpions
  6 wights
  3 killer bees (D:10)
  A jelly (D:4)
  2 gnoll boudas
  An orc priest (D:9)
  2 hounds
  3 iguanas
  5 orc wizards
  14 gnolls
  11 adders
  A worm (D:2)
  19 orcs
  7 endoplasms
  2 giant cockroaches (D:1)
  5 goblins
  6 hobgoblins
  2 ball pythons
  2 bats
  3 frilled lizards
  14 kobolds
  5 rats
183 creatures vanquished.

Vanquished Creatures (collateral kills)
  3 wizards (Volcano)
  A lindwurm (Lair:3)
  3 toenail golems (Volcano)
  A black mamba (Lair:2)
  2 cane toads (Lair:2)
  2 kobold demonologists (D:10)
  A komodo dragon (Lair:1)
  4 yaks
  A redback (Lair:2)
  A water moccasin (Lair:2)
  2 wolves (Lair:1)
  3 kobold brigands (D:10)
  2 bullfrogs
  A killer bee (D:10)
  An orc priest (D:5)
  A gnoll bouda (D:9)
  An orc wizard (D:5)
  2 gnolls (D:9)
  4 orcs
36 creatures vanquished.

Vanquished Creatures (others)
  10 ancestors
  A knight (Volcano)
  A fungus (Lair:3)
  5 plants
17 creatures vanquished.

Grand Total: 236 creatures vanquished

Notes
Turn   | Place    | Note
-------+----------+-------------------------------------------
     0 | D:1      | ragingrage the Barachi Hunter began the quest for the Orb.
     0 | D:1      | Reached XP level 1. HP: 17/17 MP: 1/1
     8 | D:1      | Found Neitaf Urum's Jewellery Shop.
   320 | D:1      | Reached XP level 2. HP: 23/23 MP: 2/2
  1259 | D:2      | Reached XP level 3. HP: 28/28 MP: 3/3
  1277 | D:2      | Found a faded altar of an unknown god.
  1291 | D:2      | Reached skill level 5 in Ranged Weapons
  1574 | D:2      | Reached XP level 4. HP: 34/34 MP: 4/4
  2077 | D:3      | Found a burning altar of Makhleb.
  2188 | D:3      | Found Xuogabag's Antique Armour Emporium.
  2236 | D:3      | Noticed a scorpion
  2342 | D:3      | Identified the amulet of Cukloa {Spirit rCorr Str+5 Dex-2}
  2650 | D:4      | Found an ornate altar of the Wu Jian Council.
  2651 | D:4      | Found a sacrificial altar of Ru.
  2664 | D:4      | Reached skill level 6 in Ranged Weapons
  2683 | D:4      | Reached XP level 5. HP: 39/39 MP: 5/5
  2866 | D:4      | Noticed a black bear
  2881 | D:4      | Killed a black bear
  2882 | D:4      | Reached skill level 7 in Ranged Weapons
  2882 | D:4      | Reached XP level 6. HP: 24/46 MP: 2/6
  3400 | D:4      | Noticed Pikel
  3428 | D:3      | Killed Pikel
  3429 | D:3      | Reached skill level 9 in Ranged Weapons
  3429 | D:3      | Reached XP level 7. HP: 19/51 MP: 4/7
  3909 | D:4      | Found a shimmering blue altar of Sif Muna.
  4067 | D:4      | Found a staircase to the Ecumenical Temple.
  4149 | Temple   | Entered the Ecumenical Temple
  4466 | D:5      | Entered Level 5 of the Dungeon
  4514 | D:5      | Noticed Eustachio
  4559 | D:5      | Reached XP level 8. HP: 49/57 MP: 8/8
  4559 | D:5      | Noticed Sigmund
  4758 | D:5      | Reached skill level 10 in Ranged Weapons
  5160 | D:5      | HP: 1/57 [orc warrior/+0 trident (11)]
  5585 | D:6      | Found an ancient bone altar of Kikubaaqudgha.
  5586 | D:6      | Found a blossoming altar of Fedhas.
  6698 | D:6      | Killed Sigmund
  6699 | D:6      | Reached skill level 11 in Ranged Weapons
  7102 | D:5      | Found an opulent altar of Gozag.
  7267 | D:5      | Killed Eustachio
  7268 | D:5      | Reached XP level 9. HP: 57/62 MP: 9/9
  7393 | D:5      | Reached skill level 12 in Ranged Weapons
  7941 | D:5      | Found the +1 Delatra's gloves {ID++}
  8102 | D:7      | Noticed Menkaure
  8164 | D:7      | Killed Menkaure
  8507 | D:7      | Found a basalt altar of Yredelemnul.
  8537 | D:7      | Reached skill level 13 in Ranged Weapons
  8915 | D:8      | Found a radiant altar of Vehumet.
  8972 | D:8      | Found a staircase to the Lair.
  9048 | D:8      | Found a shimmering altar of Xom.
  9048 | D:8      | Found a glowing golden altar of the Shining One.
  9049 | D:8      | Found a hazy altar of Hepliaklqana.
  9084 | D:8      | Noticed a two-headed ogre
  9093 | D:8      | Noticed a two-headed ogre
  9139 | D:8      | Killed a two-headed ogre
  9140 | D:8      | Reached skill level 14 in Ranged Weapons
  9140 | D:8      | Reached XP level 10. HP: 29/68 MP: 10/10
  9274 | D:8      | Killed a two-headed ogre
  9324 | D:8      | Became a worshipper of Hepliaklqana the Forgotten
  9486 | D:8      | Found a shadowy altar of Dithmenos.
  9486 | D:8      | You fall into a shaft and drop 1 floor!
  9606 | D:9      | Found a staircase to the Orcish Mines.
  9641 | D:9      | Reached skill level 15 in Ranged Weapons
  9994 | D:8      | Reached * piety under Hepliaklqana
 10353 | D:9      | Found Lyces's General Store.
 10484 | D:9      | Found an iron altar of Okawaru.
 10486 | D:9      | Found a white marble altar of Elyvilon.
 10778 | D:1      | Bought an amulet of regeneration for 360 gold pieces
 11553 | D:10     | Entered Level 10 of the Dungeon
 11852 | D:10     | Found a stormy altar of Qazlal.
 11866 | D:10     | Noticed a gargoyle
 11890 | D:10     | Killed a gargoyle
 11891 | D:10     | Reached skill level 16 in Ranged Weapons
 11950 | D:10     | Noticed Joseph
 11988 | D:10     | Noticed a two-headed ogre
 12099 | D:10     | Reached skill level 1 in Armour
 12422 | D:10     | Reached XP level 11. HP: 68/68 MP: 11/11
 12551 | D:10     | Noticed a soul eater
 12749 | D:10     | Reached skill level 5 in Fighting
 12861 | D:10     | Killed a two-headed ogre
 13301 | Lair:1   | Entered Level 1 of the Lair of Beasts
 13313 | Lair:1   | Reached skill level 5 in Dodging
 13330 | Lair:1   | Found a dark tunnel.
 13335 | Volcano  | Entered a volcano
 13341 | Volcano  | Noticed a wizard
 13362 | Volcano  | Killed a wizard
 13363 | Volcano  | Reached skill level 5 in Armour
 13402 | Volcano  | Noticed a wizard
 13409 | Volcano  | Killed a wizard
 13487 | Volcano  | Reached ** piety under Hepliaklqana
 13487 | Volcano  | Noticed a +0 mace of flaming
 13490 | Volcano  | Remembered your ancestor Demonsreach as a knight
 13612 | Volcano  | Killed a +0 mace of flaming
 13786 | Volcano  | Noticed a wizard
 13786 | Volcano  | Noticed a wizard
 13925 | Volcano  | Killed a wizard
 13970 | Volcano  | Killed a wizard
 13991 | Volcano  | Noticed a wizard
 14001 | Volcano  | Reached skill level 10 in Fighting
 14004 | Volcano  | Killed a wizard
 14005 | Volcano  | Reached skill level 1 in Evocations
 14016 | Volcano  | Reached skill level 1 in Invocations
 14016 | Volcano  | Reached XP level 12. HP: 87/87 MP: 12/12
 14933 | Lair:2   | Found a hole to the Spider Nest.
 15313 | Lair:3   | Noticed a seven-headed hydra
 15313 | Lair:3   | Noticed a six-headed hydra
 15313 | Lair:3   | Found a staircase to the Swamp.
 15314 | Lair:3   | Slain by a six-headed hydra

Illustrated notes

Levels and vault maps discovered:
D:1:      minmay_arrival_arboretum_large, layout_basic, serial_shops,
          nicolae_shop_advertising_works [nicolae_subvault_shop_adworks],
          corner_web_ring, hangedman_abyss_or_decor_stabs, minmay_hedge_maze
D:2:      layout_basic, hellmonk_ecumenical_altar_lost_god
D:3:      layout_rooms, lemuel_round_altar, serial_shops,
          nicolae_shop_hallway_stairs, minivault_23
D:4:      layout_loops_corners, tgw_sif, nicolae_overflow_two_pavilions,
          lemuel_temple_firewalk_b, uniq_pikel
D:5:      layout_loops_ring, kennysheep_mini_moat, pf_guarded_unrand_delatra,
          uniq_eustachio, uniq_sigmund
D:6:      wad_pebble_path, layout_loops_ring,
          grunt_temple_overflow_growth_and_decay
D:7:      layout_gridville, yredelemnul_altar_generic,
          chequers_serial_rivers_small_3, uniq_menkaure
D:8:      layout_basic, chequers_temple_overflow_statue_of_worship,
          mainiacjoe_overflow_boulevard, lair_entry_dummy
D:9:      layout_rooms, jmf_multi_god_temple, orc_0_dummy, serial_shops,
          nicolae_take_the_stairs, minmay_misc_feat_tiny, lightli_orcish_oven
D:10:     layout_roguey, kennysheep_little_box, uniq_joseph
Temple:   hellmonk_temple_beads
Lair:1:   layout_concentric_octagons, enter_volcano_4, patterned_corridor
Lair:2:   layout_cave_shapes, spider_nest_entry_funnel_web, beast_lair_carwin_3,
          serial_bayou_shore_a
Lair:3:   layout_regular_city, palyth_hydra_swamp_entry

Skill      XL: |  1  2  3  4  5  6  7  8  9 10 11 12 |
---------------+-------------------------------------+-----
Ranged Weapons | 5 6 7 9 11 14 16 | 16.0
Armour         | 2 5 6 |  6.8
Fighting       | 3 10 | 10.9
Dodging        | 3 5 6 |  6.5
Evocations     | 1 4 |  4.0
Invocations    | 1 3 |  3.3
Stealth        | |  0.8

Action                   |  1- 3 |  4- 6 |  7- 9 | 10-12 || total
-------------------------+-------+-------+-------+-------++-------
Melee: Shortbow          |       |       |     2 |       ||     2
       Scimitar          |       |       |       |     1 ||     1
 Fire: Shortbow          |    65 |   123 |   377 |   609 ||  1174
Throw: Dart              |       |     8 |    12 |    20 ||    40
Invok: Recall Ancestor   |       |       |       |     4 ||     4
       Ancestor Identity |       |       |       |     1 ||     1
       Ancestor Life: Kn |       |       |       |     1 ||     1
 Abil: Hop               |     3 |     4 |     7 |    11 ||    25
Evoke: Wand              |       |     4 |     1 |     1 ||     6
  Use: Scroll            |       |       |    12 |     4 ||    16
       Potion            |       |       |     2 |     7 ||     9
Armor: Leather armour    |    10 |    30 |    51 |    20 ||   111
       Skin              |       |       |     3 |       ||     3
       Robe              |       |       |       |     5 ||     5
Dodge: Dodged            |    16 |    53 |    92 |    76 ||   237

Table legend: (Time is in decaauts)
 A = Elapsed time spent in this place.
 B = Non-inter-level travel time spent in this place.
 C = Inter-level travel time spent in this place.
 D = Time resting spent in this place.
 E = Time spent auto-exploring this place.
 F = Levels seen in this place.
 G = Mean time per level.
                   A        B        C        D        E       F      G
               +--------+--------+--------+--------+--------+-----+--------+
         Total |  17022 |  14989 |   2033 |   3799 |   8191 |  15 | 1134.8 |
       Dungeon |  14682 |  12673 |   2009 |   3605 |   6754 |  10 | 1468.2 |
        Temple |    130 |    114 |     16 |      0 |    105 |   1 |  130.0 |
          Lair |   1349 |   1341 |      8 |      0 |   1109 |   3 |  449.7 |
       Volcano |    860 |    860 |      0 |    193 |    221 |   1 |  860.0 |
               +--------+--------+--------+--------+--------+-----+--------+

Top non-repeatable levels by time:
     D:4: 2876 daAuts
     D:5: 1777 daAuts
     D:1: 1522 daAuts
    D:10: 1520 daAuts
     D:6: 1441 daAuts
     D:9: 1366 daAuts
     D:8: 1344 daAuts
     D:3: 1144 daAuts
     D:2: 992 daAuts
 Volcano: 860 daAuts
     D:7: 695 daAuts
  Lair:1: 542 daAuts
  Lair:2: 498 daAuts
  Lair:3: 308 daAuts
  Temple: 130 daAuts
